 Dungeon Crawl Stone Soup version 0.31-a0-986-g5e6e4ef867 (webtiles) character file.

Game seed: 13962683596021055601

1591 Zonian the Thaumaturge (level 8, -2/41 HPs)
             Began as a Deep Elf Ice Elementalist on Nov 19, 2023.
             Was an Initiate of Vehumet.
             Slain by an ice beast (10 damage)
             ... on level 7 of the Dungeon on Nov 20, 2023.
             The game lasted 00:15:59 (5355 turns).

Zonian the Thaumaturge (Deep Elf Ice Elementalist)  Turns: 5355, Time: 00:15:59

Health: -2/41      AC:  2    Str:  5    XL:     8   Next: 61%
Magic:  22/23      EV: 14    Int: 29    God:    Vehumet [......]
Gold:   332        SH:  0    Dex: 21    Spells: 13/26 levels left

rFire   . . .        f - +3 dagger (venom) {short}
rCold   . . .        (no shield)
rNeg    . . .        a - +0 robe
rPois   .            (no helmet)
rElec   .            (no cloak)
rCorr   .            (no gloves)
SInv    .            (no boots)
Will    ++...        (no amulet)
Stlth   +++          c - +6 ring of dexterity
HPRegen 0.26/turn    B - ring of Yendor {Will++ Int+6}
MPRegen 0.18/turn

%: no passive effects
@: about to teleport
A: no striking features
a: Renounce Religion


You were on level 7 of the Dungeon.
You worshipped Vehumet.
Vehumet was noncommittal.
You visited 2 branches of the dungeon, and saw 8 of its levels.

You collected 332 gold pieces.


   Skills:
 - Level 4.0 Dodging
 - Level 4.3 Stealth
 + Level 9.6 Spellcasting
 + Level 2.3 Summonings
 + Level 8.9 Ice Magic


You had 13 spell levels left.
You knew the following spells:

 Your Spells              Type           Power      Damage    Failure   Level
a - Freeze                Ice            100%       1d10      1%          1
b - Frozen Ramparts       Ice            100%       1d16      1%          3
c - Ozocubu's Armour      Ice            60%        N/A       1%          3
d - Summon Ice Beast      Ice/Summ       46%        N/A       3%          4
e - Static Discharge      Conj/Air       26%        3-5/arc   6%          2

Your spell library contained the following spells:

 Spells                   Type           Power      Damage    Failure   Level
 Sublimation of Blood     Necr           13%        N/A       6%          2
 Summon Lightning Spire   Summ/Air       20%        N/A       24%         4
 Airstrike                Air            6%         2d(1-17)  36%         4
 Petrify                  Tmut/Erth      13%        N/A       36%         4
 Irradiate                Conj/Tmut      6%         3d13      73%         5

Inventory:

Hand Weapons
 f - a +3 dagger of venom (weapon) {short}
   (You took it off a goblin on level 1 of the Dungeon)
 g - a +0 club {mace}
   (You took it off a kobold on level 1 of the Dungeon)
 h - a +0 dagger {short}
   (You took it off a goblin on level 1 of the Dungeon)
 p - a +2 vampiric spear {polearm}
   (You took it off a gnoll sergeant on level 5 of the Dungeon)
 q - the +3 morningstar of Gozag, Shouting {protect, Dex+4, mace}
   (You found it on level 5 of the Dungeon)

   Dex+4:     It affects your dexterity (+4).
 t - a +2 long sword of electrocution {long}
   (You found it on level 5 of the Dungeon)
Missiles
 i - 27 stones {throwing}
Armour
 a - a +0 robe (worn)
Magical Staves
 d - a staff of death {!astaff}
   (You found it on level 1 of the Dungeon)
Jewellery
 c - a +6 ring of dexterity (left hand)
   (You found it on level 1 of the Dungeon)
 o - a +4 ring of protection
   (You found it on level 2 of the Dungeon)
 w - a ring of willpower
   (You found it on level 5 of the Dungeon)
 x - a ring of poison resistance
   (You found it on level 5 of the Dungeon)
 B - the ring of Yendor (right hand) {Will++ Int+6}
   (You found it on level 6 of the Dungeon)

   [ring of intelligence]

   Int+6:     It affects your intelligence (+6).
   Will++:    It greatly increases your willpower.
Wands
 l - a wand of acid (2)
   (You found it on level 4 of the Dungeon)
 v - a wand of roots (5)
   (You found it on level 5 of the Dungeon)
Scrolls
 e - a scroll of teleportation {@r4}
 y - a scroll of fog
Potions
 b - 2 potions of magic
 j - a potion of mutation {!q}
 k - 5 potions of heal wounds {@q2}
 m - 4 potions of curing {@q1}
 n - a potion of degeneration {unknown}
 r - a potion of attraction {!q}
 s - a potion of haste {unknown}
 u - a potion of ambrosia {unknown}

Dungeon Overview and Level Annotations

Branches:
Dungeon (7/15) Zot: 26902  Temple (1/1) D:6 Zot: 5954

Altars:
Ashenzari
Cheibriados
Dithmenos
Elyvilon
Fedhas
Gozag
Hepliaklqana
Kikubaaqudgha
Makhleb
Nemelex Xobeh
Okawaru
Qazlal
Ru
Sif Muna
Trog
Uskayaw
Vehumet
Wu Jian
Xom
Yredelemnul
Zin
The Shining One

Shops:
D:1 = D:3

[ . . # #.
5#. ##.##
#...#
#.##8.8###.##
#...@.Wy.y...
#.##8Y8###.##
#...# ##.##
.#. # ##


You could see a wraith, 2 vampire mosquitoes and an ice beast.


Message History

Your mp is fully restored (23).
Unknown command.
Your icy armour cracks and falls away as you move.
Things that are here:
a +0 shortbow {bow}; a centaur corpse
Things that are here:
a +0 shortbow {bow}; a centaur corpse A white imp comes into view.
The white imp shouts, "Scamper away, thou froward knotty-pated clotpole!"
You hear an angry buzzing noise.
A howler monkey comes into view.
The white imp moves out of view.
Unknown command.
An orc comes into view. It is wielding a +0 trident.
Casting: Ozocubu's Armour (safe; 1% risk of failure)
Confirm with . or Enter, or press ? or * to list all spells.
A chill wind blows around you. 😎 MP[-4]
You lost 4 mp, and now have 19/23 mp.
Unknown command.
The orc shouts!
Unknown command.
The white imp gestures at you. The puff of frost hits you! 😕 HP[-7]
You take 7 damage, and now have 34/41 hp.
Unknown command.
The white imp hits your ice beast but does no damage.
Your ice beast hits the white imp but does no damage. 😕 HP[+1]
The white imp hits your ice beast but does no damage.
Your ice beast hits the white imp.
Your ice beast freezes the white imp.
The white imp resists. 😕 MP[+1] Unknown command.
The white imp hits your ice beast but does no damage.
Your ice beast hits the white imp but does no damage.
The white imp closely misses your ice beast.
The orc hits you from afar with a +0 trident.
Your ice beast barely misses the white imp. 😕 HP[-4]
You take 4 damage, and now have 31/41 hp.
Unknown command.
The white imp hits your ice beast but does no damage.
The orc hits you from afar with a +0 trident.
Your ice beast barely misses the white imp. 😮 HP[-4]
You take 4 damage, and now have 27/41 hp.
Unknown command.
The white imp gestures at you. The puff of frost hits you.
The orc hits you with a +0 trident.
Your ice beast hits the white imp but does no damage. 😮 HP[-5]
You take 5 damage, and now have 22/41 hp.
Unknown command.
You hit the orc.
The orc is poisoned.
The white imp barely misses you.
Your ice beast hits the white imp but does no damage.
The orc hits you with a +0 trident.
* * * LOW HITPOINT WARNING * * *
An orc priest comes into view. It is wielding a +0 mace. 😨 HP[-6]
You take 6 damage, and now have 16/41 hp.
Unknown command.
As you read the scroll of teleportation {@r4}, it crumbles to dust.
You feel strangely unstable. The white imp gestures at you.
The puff of frost misses you.
Your ice beast barely misses the white imp.
The orc hits you with a +0 trident.
* * * LOW HITPOINT WARNING * * *
The orc priest looks encouraged for a moment. 😨 MP[+1]
Your ice beast hits the white imp but does no damage.
The orc hits you but does no damage. The white imp gestures at you.
The puff of frost misses you.
You kill the orc!
Vehumet accepts your kill.
Your ice beast hits the white imp but does no damage.
The white imp gestures at you. The puff of frost hits you.
* * * LOW HITPOINT WARNING * * *
😨 HP[-5]
You take 5 damage, and now have 11/41 hp.
Unknown command.
Your ice beast hits the white imp.
Your ice beast freezes the white imp.
The white imp resists.
The white imp barely misses your ice beast.
Your surroundings suddenly seem different.
A white imp, a vampire mosquito, a wraith and an ice beast come into view.
The vampire mosquito buzzes angrily. 😨 HP[+1]
As you read the scroll of teleportation {@r4}, it crumbles to dust.
You feel strangely unstable.
A vampire mosquito comes into view. 😨 MP[+1]
The ice beast hits you.
* * * LOW HITPOINT WARNING * * *
The ice beast freezes you!
You die...

Skill      XL: |  1  2  3  4  5  6  7  8 |
---------------+-------------------------+-----
Stealth        | 3 4 |  4.3
Dodging        | 3 4 |  4.0
Spellcasting   | 4 5 6 8 9 |  9.6
Ice Magic      | 5 6 7 8 |  8.9
Summonings     | 2 |  2.3

Action                     |  1- 3 |  4- 6 |  7- 9 || total
---------------------------+-------+-------+-------++-------
  Melee: Dagger            |    31 |    71 |    83 ||   185
         Punch             |     1 |     1 |     1 ||     3
  Throw: Stone             |       |     1 |       ||     1
   Cast: Freeze            |    34 |     4 |     5 ||    43
         Frozen Ramparts   |       |     7 |    15 ||    22
         Ozocubu's Armour  |       |       |     4 ||     4
         Summon Ice Beast  |       |       |     1 ||     1
  Evoke: Wand              |       |     2 |     2 ||     4
    Use: Scroll            |     3 |     7 |     5 ||    15
   Stab: Sleeping          |    10 |     7 |     5 ||    22
 Armour: Robe              |    17 |    37 |    65 ||   119
  Dodge: Dodged            |    29 |    56 |    71 ||   156

Levels and vault maps discovered:
D:1:      scummos_arrival_star, layout_rooms, serial_shops,
          nicolae_shop_tiny_glass, hellmonk_ecumenical_altar_arch_garden
D:2:      layout_basic, hangedman_decor_push
D:3:      layout_loops_ring, serial_shops, nicolae_shop_hallway_stairs
D:4:      layout_basic
D:5:      layout_rooms, mainiacjoe_overflow_alcove_1, uniq_edmund
D:6:      layout_basic, minmay_temple_entry_water_ring, feat_on_display
D:7:      minmay_the_grid_octo_tiled_octocenter [minmay_the_grid_octo_toaster,
          minmay_the_grid_octo_fat_diamond, minmay_the_grid_octo_focus,
          minmay_the_grid_octo_checkerflower,
          minmay_the_grid_octo_prize_square_snowflake,
          minmay_the_grid_square_5x5_inset, minmay_the_grid_square_5x5_inner_v,
          minmay_the_grid_square_5x5_fancy_junction,
          minmay_the_grid_square_5x5_c], layout_layer_cave,
          gammafunk_ghost_arena
Temple:   grunt_wide_crystal_templ

Notes
Turn   | Place    | Note
-------+----------+-------------------------------------------
     0 | D:1      | Zonian the Deep Elf Ice Elementalist began the quest for
                  | the Orb.
     0 | D:1      | Reached XP level 1. HP: 10/10 MP: 6/6
     0 | D:1      | magus.rc [v1.9.6]
   249 | D:1      | Reached XP level 2. HP: 15/15 MP: 4/8
   336 | D:1      | Found Qaxif's Jewellery Emporium.
   381 | D:1      | Found a faded altar of an unknown god.
   579 | D:1      | Reached skill level 3 in Stealth
   747 | D:2      | You pick up a book of Alchemy and begin reading...
   747 | D:2      | You add the spells Sublimation of Blood, Petrify and
                  | Irradiate to your library.
   751 | D:2      | Reached skill level 3 in Dodging
   921 | D:2      | Reached XP level 3. HP: 19/19 MP: 10/10
   925 | D:2      | Learned a level 3 spell: Frozen Ramparts
   929 | D:2      | Learned a level 3 spell: Ozocubu's Armour
  1285 | D:3      | Found Becytom's Antique Armour Shop.
  1565 | D:3      | Reached XP level 4. HP: 24/24 MP: 7/11
  1668 | D:3      | Reached skill level 4 in Spellcasting
  1670 | D:3      | Reached skill level 5 in Ice Magic
  2390 | D:4      | Noticed a centaur
  2397 | D:4      | Reached skill level 4 in Stealth
  2397 | D:4      | Noticed a scorpion
  2403 | D:4      | Killed a scorpion
  2404 | D:4      | Reached skill level 4 in Dodging
  2404 | D:4      | Reached XP level 5. HP: 12/28 MP: 5/13
  2757 | D:4      | Reached skill level 5 in Spellcasting
  2757 | D:4      | Reached XP level 6. HP: 32/32 MP: 11/15
  2785 | D:4      | Reached skill level 6 in Ice Magic
  2953 | D:4      | Reached skill level 6 in Spellcasting
  3057 | D:5      | Entered Level 5 of the Dungeon
  3237 | D:5      | Reached XP level 7. HP: 12/36 MP: 15/18
  3332 | D:5      | Noticed Edmund
  3394 | D:5      | Reached skill level 7 in Spellcasting
  3394 | D:5      | Reached skill level 7 in Ice Magic
  3470 | D:5      | Identified the +3 morningstar of Gozag, Shouting {protect,
                  | Dex+4}
  3486 | D:5      | Reached skill level 8 in Spellcasting
  3512 | D:5      | You pick up a book of Storms and begin reading...
  3512 | D:5      | You add the spells Static Discharge, Airstrike and Summon
                  | Lightning Spire to your library.
  3619 | D:5      | Found a snail-covered altar of Cheibriados.
  3778 | D:5      | Killed Edmund
  3779 | D:5      | Reached XP level 8. HP: 41/41 MP: 16/22
  3969 | D:5      | Reached skill level 8 in Ice Magic
  4051 | D:6      | Found a staircase to the Ecumenical Temple.
  4103 | Temple   | Entered the Ecumenical Temple
  4139 | Temple   | Became a worshipper of Vehumet
  4155 | D:6      | Reached skill level 9 in Spellcasting
  4208 | D:6      | Learned a level 4 spell: Summon Ice Beast
  4394 | D:6      | Reached skill level 1 in Summonings
  4725 | D:6      | Identified the ring of Yendor {Will++ Int+6}
  5125 | D:6      | Learned a level 2 spell: Static Discharge
  5285 | D:7      | Reached skill level 2 in Summonings
  5355 | D:7      | HP: 8/41 [ice beast (4)]
  5355 | D:7      | Slain by an ice beast

Vanquished Creatures
  Edmund (D:5)
  2 black bears (D:5)
  2 centaurs
  A kobold brigand (D:6)
  A bullfrog (Temple)
  4 scorpions
  A gnoll sergeant (D:5)
  6 hounds
  A jelly (D:6)
  4 iguanas
  2 sleepcaps
  3 orc wizards
  4 gnolls (D:5)
  7 adders
  A shadow imp (D:6)
  3 white imps
  2 ufetubi (D:6)
  2 dart slugs
  22 orcs
  4 bats
  3 endoplasms
  4 giant cockroaches
  3 goblins (D:1)
  9 hobgoblins
  7 kobolds
  3 quokkas
  8 ball pythons
  2 frilled lizards
  8 rats
120 creatures vanquished.

Table legend:
 A = Non-vault XP
 B = Vault XP
 C = Vault XP percentage of total XP
 D = Non-vault monster count
 E = Vault monster count
 F = Vault count percentage of total count
                 A         B        C        D         E       F
            +---------+---------+-------+---------+---------+-------
      Total |    2112 |     162 |   7.1 |     119 |       1 |   0.8
            +---------+---------+-------+---------+---------+-------
        D:1 |      33 |       0 |   0.0 |      22 |       0 |   0.0
        D:2 |      30 |       0 |   0.0 |      11 |       0 |   0.0
        D:3 |     115 |       0 |   0.0 |      26 |       0 |   0.0
        D:4 |     460 |       0 |   0.0 |      15 |       0 |   0.0
        D:5 |     775 |     162 |  17.3 |      21 |       1 |   4.5
        D:6 |     488 |       0 |   0.0 |      21 |       0 |   0.0
        D:7 |     115 |       0 |   0.0 |       2 |       0 |   0.0
     Temple |      96 |       0 |   0.0 |       1 |       0 |   0.0
            +---------+---------+-------+---------+---------+-------

Skill      XL: |  1  2  3  4  5  6  7  8 |
---------------+-------------------------+-----
Stealth        | 3 4 |  4.3
Dodging        | 3 4 |  4.0
Spellcasting   | 4 5 6 8 9 |  9.6
Ice Magic      | 5 6 7 8 |  8.9
Summonings     | 2 |  2.3

Action                     |  1- 3 |  4- 6 |  7- 9 || total
---------------------------+-------+-------+-------++-------
  Melee: Dagger            |    31 |    71 |    83 ||   185
         Punch             |     1 |     1 |     1 ||     3
  Throw: Stone             |       |     1 |       ||     1
   Cast: Freeze            |    34 |     4 |     5 ||    43
         Frozen Ramparts   |       |     7 |    15 ||    22
         Ozocubu's Armour  |       |       |     4 ||     4
         Summon Ice Beast  |       |       |     1 ||     1
  Evoke: Wand              |       |     2 |     2 ||     4
    Use: Scroll            |     3 |     7 |     5 ||    15
   Stab: Sleeping          |    10 |     7 |     5 ||    22
 Armour: Robe              |    17 |    37 |    65 ||   119
  Dodge: Dodged            |    29 |    56 |    71 ||   156

Illustrated notes

Table legend:
 A = Kills in this place as a percentage of kills in the entire game.
 B = Kills by you in this place as a percentage of kills by you in the entire game.
 C = Kills by friends in this place as a percentage of kills by friends in the entire game.
 D = Other kills in this place as a percentage of other kills in the entire game.
 E = Experience gained in this place as a percentage of experience gained in the entire game.
 F = Experience gained in this place divided by the number of levels of this place that you have seen.
                   A       B       C       D       E      F
               +-------+-------+-------+-------+-------+----------------------
         Total | 100.0 | 100.0 |   N/A |   N/A | 100.0 | 284.2
       Dungeon |  99.2 |  99.2 |   N/A |   N/A |  95.8 | 311.1
        Temple |   0.8 |   0.8 |   N/A |   N/A |   4.2 |  96.0
               +-------+-------+-------+-------+-------+----------------------

Table legend: (Time is in decaauts)
 A = Elapsed time spent in this place.
 B = Non-inter-level travel time spent in this place.
 C = Inter-level travel time spent in this place.
 D = Time resting spent in this place.
 E = Time spent auto-exploring this place.
 F = Levels seen in this place.
 G = Mean time per level.
                   A        B        C        D        E       F      G
               +--------+--------+--------+--------+--------+-----+--------+
         Total |   5353 |   5262 |     91 |   1168 |   2614 |   8 |  669.1 |
       Dungeon |   5307 |   5225 |     82 |   1147 |   2614 |   7 |  758.1 |
        Temple |     45 |     36 |      9 |     21 |      0 |   1 |   45.0 |
               +--------+--------+--------+--------+--------+-----+--------+

Top non-repeatable levels by time:
     D:6: 1239 daAuts
     D:4: 978 daAuts
     D:5: 916 daAuts
     D:3: 792 daAuts
     D:1: 706 daAuts
     D:2: 577 daAuts
     D:7: 96 daAuts
  Temple: 45 daAuts
